Cogmind - Beta 13 *** ADVENTURER MODE // 2024.04.07 @ 20:01:10 Player: spongiform Result: Destroyed by G-50 Soldier with Heavy Laser Performance ------------- Evolutions (2) 1000 Regions Visited (4) 800 Robots Destroyed (33) 165 Value Destroyed (1196) 1196 Prototype IDs (1) 20 Alien Tech Used (0) 0 Bonus (0) 0 TOTAL SCORE: 3181 Bonus ------- None Cogmind --------- Core Integrity 0/550 Matter 300/300 Energy 22/100 System Corruption 2% Temperature Danger (410) Movement Core (50) Location -8/Materials Parts ------- > --- POWER (1) -------- (None) > --- PROPULSION (4) --- (None) > --- UTILITY (3) ------ Hacking Suite > --- WEAPON (3) ------- (None) > --- INVENTORY (5) ---- High-capacity Battery (250) Improved Signal Interpreter Advanced Targeting Computer Peak State ------------ > --- POWER ------------ Light Nuclear Core > --- PROPULSION ------- Improved VTOL Module Improved VTOL Module Improved VTOL Module Improved VTOL Module > --- UTILITY ---------- Terrain Scanner Hardened Medium Armor Plating Hacking Suite > --- WEAPON ----------- Assault Rifle Light Assault Rifle Gauss Rifle > --- INVENTORY -------- High-capacity Battery Improved Signal Interpreter Shock Rifle Assault Rifle [Rating: 32] Favorites ----------- Power Light Deuterium Engine Engine Light Deuterium Engine Power Core Light Nuclear Core Propulsion Aluminum Leg Treads Light Treads Leg Aluminum Leg Hover Unit Improved Hover Unit Flight Unit Improved VTOL Module Utility Huge Storage Unit Device Terrain Scanner Storage Huge Storage Unit Hackware Hacking Suite Protection Power Shielding Weapon Light Assault Rifle Energy Gun Particle Gun Energy Cannon Beam Cannon Ballistic Gun Light Assault Rifle Build | -11 -10 -10 -9 -8 ------- Run | Yrd Mat Min Mat Mat Slots Evolved 4 | . . . 2 2 Power . | . . . . . Propulsion 2 | . . . 1 1 Utility 1 | . . . 1 . Weapon 1 | . . . . 1 Parts Attached 54 | 5 5 3 6 35 Power 6 | 1 . 1 1 3 Engine 5 | 1 . 1 1 2 Core 1 | . . . . 1 Reactor . | . . . . . Propulsion 19 | 2 . 2 2 13 Treads 3 | 2 . . . 1 Leg 10 | . . 2 1 7 Wheel . | . . . . . Hover 1 | . . . 1 . Flight 5 | . . . . 5 Utility 11 | 1 3 . 2 5 Device 1 | . . . . 1 Storage 6 | 1 2 . 2 1 Processor . | . . . . . Hackware 1 | . . . . 1 Protection 3 | . 1 . . 2 Artifact . | . . . . . Weapon 18 | 1 2 . 1 14 Energy Gun 3 | . 1 . . 2 Energy Cannon 1 | . . . . 1 Ballistic Gun 14 | 1 1 . 1 11 Ballistic Cannon . | . . . . . Launcher . | . . . . . Special Weapon . | . . . . . Impact Weapon . | . . . . . Slashing Weapon . | . . . . . Piercing Weapon . | . . . . . Special Melee Weapon . | . . . . . Unidentified Prototypes 1 | . . . . 1 Parts Lost 22 | . . 1 1 20 Power 2 | . . 1 . 1 Propulsion 8 | . . . 1 7 Utility 3 | . . . . 3 Weapon 9 | . . . . 9 Highest Loss Streak 11 | . . 1 1 11 To Critical Strikes . | . . . . . Average Slot Usage (%) 81 | . 90 98 90 72 Engine 8 | . 14 13 10 6 Core 1 | . . . . 2 Treads 4 | . 28 8 . . Leg 13 | . . 19 25 10 Flight 1 | . . . . 3 Storage 12 | . 14 14 22 8 Hackware 4 | . . . . 8 Protection 10 | . 12 14 11 8 Ballistic Gun 22 | . 14 28 22 23 Naked Turns . | . . . . . Heaviest Build 97 | 9 88 88 93 97 Greatest Support 72 | 40 40 40 30 72 Greatest Overweight (x) 29 | . 2 8 4 29 Average Overweight (x) 2 | . . 3 3 3 Largest Inventory Capacity 25 | 8 25 25 25 25 Average Capacity 22 | 6 20 25 25 22 Most Carried 10 | 2 7 6 8 10 Average Carried 6 | 1 4 6 6 7 Final Capacity 25 | 8 25 25 25 5 Final Carried 8 | 2 6 6 8 3 Class Distribution -------------------- 29% | Scavenger-Mutant 24% | Hacker-Tank 19% | Mutant 18% | Hacker-Mutant 4% | Hacker-Sprinter Dominant Class ---------------- Mutant | -10/Materials Scavenger-Mutant | -10/Mines Scavenger-Mutant | -9/Materials Hacker-Tank | -8/Materials Resources | -11 -10 -10 -9 -8 ----------- Run | Yrd Mat Min Mat Mat Matter Collected 1241 | 249 75 39 124 754 Remotely . | . . . . . Salvage Created 1472 | . 164 92 262 954 Parts 71 | . 11 7 15 38 Haulers Intercepted 2 | . . . 1 1 Recyclers Shooed 2 | . . . 1 1 Parts Field Recycled . | . . . . . Retrieved Matter . | . . . . . Parts Self-Destructed . | . . . . . Prevented . | . . . . . Kills | -11 -10 -10 -9 -8 ------- Run | Yrd Mat Min Mat Mat Combat Hostiles Destroyed 29 | . 6 2 5 16 Guns 29 | . 6 2 5 16 Classes Destroyed 8 | . 2 . 2 4 Builder 1 | . . . . 1 Hauler 2 | . . . 1 1 Recycler 1 | . . . . 1 Swarmer 3 | . 3 . . . Grunt 19 | . 3 2 4 10 Brawler 1 | . . . . 1 Sentry 4 | . . . 1 3 Hunter 2 | . . . . 2 Best Kill Streak 3 | . 3 2 3 3 Combat Bots Only 3 | . 3 2 3 3 Max Kills in Single Turn 2 | . 2 1 1 1 Gunslinging 1 | . 1 . . . Exploded . | . . . . . Melee . | . . . . . Uniques/NPCs Destroyed . | . . . . . Combat | -11 -10 -10 -9 -8 -------- Run | Yrd Mat Min Mat Mat Hostile Shots Fired 377 | . 30 17 48 282 Missed 101 | . 14 1 12 74 Damage Taken 3202 | . 144 157 369 2532 Core 719 | . 45 25 95 554 Absorbed by Shields . | . . . . . Redirected to Shielding 50 | . 8 10 16 16 Ignored by Resistances 922 | . 44 47 110 721 Regen/Repaired (Parts) 21 | . . . 21 . Core Remaining (%) 82 | 100 . 72 76 . Volleys Fired 152 | . 24 11 28 89 Largest 3 | . 2 2 2 3 Hottest 108 | . 85 40 40 108 Shots Fired 336 | . 30 22 56 228 Gun 326 | . 30 22 56 218 Cannon 10 | . . . . 10 Launcher . | . . . . . Special . | . . . . . Kinetic 319 | . 24 22 56 217 Thermal 16 | . 6 . . 10 Explosive . | . . . . . Electromagnetic 1 | . . . . 1 Robot Hit Streak 67 | . 11 22 67 33 Robot Miss Streak 3 | . 2 . 1 3 Penetration Max . | . . . . . Secondary Targets 4 | . 1 1 . 2 Max Gunslinging Chain 1 | . 1 1 . 1 Shots Hit Robots 269 | . 25 21 50 173 Core Hits 104 | . 14 6 20 64 Critical Kills . | . . . . . Critical Parts Destroyed 1 | . . . . 1 Critical Strikes 1 | . . . . 1 Destroy 1 | . . . . 1 Melee Attacks . | . . . . . Impact . | . . . . . Slashing . | . . . . . Piercing . | . . . . . Sneak Attacks . | . . . . . Combat Hostiles . | . . . . . Follow-up Attacks . | . . . . . Damage Inflicted 2506 | . 231 163 418 1694 Guns 2406 | . 231 163 418 1594 Cannons 87 | . . . . 87 Explosions . | . . . . . Melee . | . . . . . Ramming 13 | . . . . 13 Kinetic 2312 | . 155 163 418 1576 Thermal 163 | . 76 . . 87 Explosive . | . . . . . Electromagnetic 18 | . . . . 18 Impact . | . . . . . Slashing . | . . . . . Piercing . | . . . . . Highest Corruption 2 | . 1 1 1 2 Average Corruption 1 | . 1 1 1 2 Corruption Purged . | . . . . . Corruption Blocked . | . . . . . Effects 10 | . . 2 4 4 Message Errors 3 | . . 1 . 2 Matter Fused 2 | . . . . 2 Heat Flow Errors 2 | . . . 2 . Energy Discharges 1 | . . 1 . . Data Loss (minor) 1 | . . . 1 . Data Loss (major) 1 | . . . 1 . Overload Shots . | . . . . . Overflow Damage . | . . . . . Projectiles . | . . . . . Explosions . | . . . . . Melee . | . . . . . Knockbacks . | . . . . . Impact . | . . . . . Kinetic . | . . . . . Secondary . | . . . . . Self-Inflicted Damage . | . . . . . Shots . | . . . . . Rammed . | . . . . . Targets Rammed 9 | . . . . 9 Kicked 9 | . . . . 9 Crushed . | . . . . . Highest Temperature 459 | . 92 19 200 459 Average Temperature 145 | . 37 9 86 170 Received Heat Transfer 2019 | . 66 114 201 1638 Effects 12 | . . . . 12 Shutdowns 2 | . . . . 2 Interference 4 | . . . . 4 Matter Decay 2 | . . . . 2 Damage (minor) 1 | . . . . 1 Damage (major) 3 | . . . . 3 Siege Activations . | . . . . . Robots Corrupted . | . . . . . Combat Hostiles . | . . . . . Parts Fried . | . . . . . Impact Corruptions . | . . . . . Robots Melted . | . . . . . Combat Hostiles . | . . . . . Parts Melted . | . . . . . Heat Transferred 370 | . 185 . . 185 Parts Sabotaged . | . . . . . Parts Stolen . | . . . . . Parts Stripped . | . . . . . Power Chain Reactions . | . . . . . Alert | -11 -10 -10 -9 -8 ------- Run | Yrd Mat Min Mat Mat Peak Influence 197 | . 197 119 122 190 Initial 64 | . . 64 . 40 Average 58 | . 92 101 35 52 Maximum Alert Level . | . . . . . Low Security (%) 100 | 100 100 100 100 100 Level 1 . | . . . . . Level 2 . | . . . . . Level 3 . | . . . . . Level 4 . | . . . . . Level 5 . | . . . . . High Security . | . . . . . Max Security . | . . . . . Squads Dispatched 6 | . . . 1 5 Investigation 3 | . . . 1 2 Extermination . | . . . . . Reinforcement 2 | . . . . 2 Assault . | . . . . . Garrison 1 | . . . . 1 Intercept . | . . . . . Searches Triggered . | . . . . . Construction Impeded . | . . . . . Haulers Reinforced . | . . . . . Active Scanning Responses . | . . . . . Cargo Convoy Interrupts . | . . . . . Stealth | -11 -10 -10 -9 -8 --------- Run | Yrd Mat Min Mat Mat Distress Signals 5 | . 4 . . 1 Communications Jammed . | . . . . . Distress Signals . | . . . . . Times Spotted 56 | . 10 2 9 35 Peak Tracking Total 12 | . 4 2 3 12 Tactical Retreats 5 | . 1 . . 4 Traps | -11 -10 -10 -9 -8 ------- Run | Yrd Mat Min Mat Mat Traps Triggered 4 | . 1 . 2 1 Indirectly . | . . . . . Trap Hack Attempts . | . . . . . Triggered . | . . . . . Disarmed . | . . . . . Reprogrammed . | . . . . . Reused . | . . . . . Traps Extracted . | . . . . . Installed . | . . . . . Triggered . | . . . . . Machines | -11 -10 -10 -9 -8 ---------- Run | Yrd Mat Min Mat Mat Machines Disabled 1 | . . . . 1 Max in Single Turn 1 | . . . . 1 Machines Repaired . | . . . . . Machines Dismantled . | . . . . . Machines Sabotaged . | . . . . . Overloaded Fab Kills . | . . . . . Hacking | -11 -10 -10 -9 -8 --------- Run | Yrd Mat Min Mat Mat Machines Accessed 6 | . 1 . 1 4 Terminals 3 | . 1 . . 2 Fabricators . | . . . . . Repair Stations 1 | . . . 1 . Recycling Units 1 | . . . . 1 Scanalyzers 1 | . . . . 1 Garrison Access . | . . . . . Total Hacks 17 | . 2 . 4 11 Successful 12 | . 1 . 2 9 Failed 5 | . 1 . 2 2 Catastrophic 2 | . 1 . . 1 Database Lockouts . | . . . . . Manual . | . . . . . Terminals 8 | . 2 . . 6 Fabricators . | . . . . . Repair Stations 4 | . . . 4 . Recycling Units 3 | . . . . 3 Scanalyzers 2 | . . . . 2 Garrison Access . | . . . . . Terminal Hacks 5 | . 1 . . 4 Record 1 | . . . . 1 Dispatch Records 1 | . 1 . . . Patrol Status 1 | . . . . 1 Hauler Manifests 1 | . . . . 1 Zone Layout 1 | . . . . 1 Fabricator Hacks . | . . . . . Repair Station Hacks 2 | . . . 2 . Scan Component 1 | . . . 1 . Repair 1 | . . . 1 . Recycling Unit Hacks 3 | . . . . 3 Report Inventory 2 | . . . . 2 Retrieve Components 1 | . . . . 1 Scanalyzer 2 | . . . . 2 Insert Component 1 | . . . . 1 Analyze 1 | . . . . 1 Garrison Access Hacks . | . . . . . Unauthorized Hacks . | . . . . . Terminals . | . . . . . Fabricators . | . . . . . Repair Stations . | . . . . . Recycling Units . | . . . . . Scanalyzers . | . . . . . Garrison Access . | . . . . . Data Cores Recovered . | . . . . . Used . | . . . . . Hacking Detections 4 | . 1 . 1 2 Full Trace Events 1 | . . . . 1 Feedback Events . | . . . . . Feedback Blocked . | . . . . . Robot Schematics Acquired . | . . . . . Robots Built . | . . . . . Authchips . | . . . . . Time . | . . . . . Total Robot Build Rating . | . . . . . Part Schematics Acquired 1 | . . . . 1 Parts Built . | . . . . . Authchips . | . . . . . Time . | . . . . . Total Part Build Rating . | . . . . . Parts Repaired 1 | . . . 1 . Time 26 | . . . 26 . Parts Recycled . | . . . . . Recycled Matter . | . . . . . Retrieved Matter . | . . . . . Retrieved Components 8 | . . . . 8 Parts Scanalyzed 1 | . . . . 1 Part Schematics Acquired 1 | . . . . 1 Parts Damaged . | . . . . . Bothacking | -11 -10 -10 -9 -8 ------------ Run | Yrd Mat Min Mat Mat Used RIF Installer . | . . . . . Robots Hacked . | . . . . . Non-combat . | . . . . . Combat . | . . . . . Robot Hacks Applied . | . . . . . Relay Couplers Released . | . . . . . Fabnet Peak Effective % . | . . . . . Robots Rewired . | . . . . . Allies Hacked . | . . . . . Hacks Repelled . | . . . . . Allies | -11 -10 -10 -9 -8 -------- Run | Yrd Mat Min Mat Mat Total Allies . | . . . . . Largest Group . | . . . . . Highest-Rated Group . | . . . . . Highest-Rated Ally . | . . . . . Total Orders . | . . . . . Ally Attacks . | . . . . . Total Damage . | . . . . . Kills . | . . . . . Allies Corrupted . | . . . . . Allies Melted . | . . . . . Intel | -11 -10 -10 -9 -8 ------- Run | Yrd Mat Min Mat Mat Robot Analysis Total . | . . . . . Derelict Logs Recovered . | . . . . . Drone Launches . | . . . . . Drone Recoveries . | . . . . . Exploration | -11 -10 -10 -9 -8 ------------- Run | Yrd Mat Min Mat Mat Turns Passed 3364 | 98 393 418 659 1796 Spaces Moved 955 | 58 148 102 144 503 Core 39 | 3 . . . 36 Treads 248 | 55 148 29 . 16 Legs 440 | . . 73 144 223 Wheels . | . . . . . Hover . | . . . . . Flight 228 | . . . . 228 Fastest Speed 26 | 50 160 320 330 26 Average Speed 294 | 154 225 380 379 289 Slowest Speed 1500 | 160 320 680 400 1500 Overloaded Moves . | . . . . . Propulsion Burnouts . | . . . . . Robots Hopped 1 | . . . . 1 Cave-ins Triggered . | . . . . . Exploration Rate (%) 29 | 4 31 35 16 60 Regions Visited 4 Branch Regions 1 Pre-discovered Areas . | . . . . . Known Exits Taken . | . . . . . Unknown Exits Taken 4 | 1 1 1 1 . Scrap Searched 1 | . . 1 . . Spaces Dug . | . . . . . Terrain Destroyed . | . . . . . Melee . | . . . . . Projectile . | . . . . . AOE . | . . . . . Terrain Rammed . | . . . . . Walls Destroyed . | . . . . . Machines Disabled . | . . . . . Actions | -11 -10 -10 -9 -8 --------- Run | Yrd Mat Min Mat Mat Total 1253 | 64 181 117 213 678 Wait 45 | . 1 . 31 13 Move 949 | 57 147 101 143 501 Hop 1 | . . . . 1 Pick Up 15 | 2 3 . 3 7 Fast Attach 31 | 5 2 3 3 18 Attach 14 | . . . 2 12 Detach 5 | . . . 1 4 Swap 9 | . 3 . 1 5 Drop 23 | . 1 2 1 19 Fire 152 | . 24 11 28 89 Melee . | . . . . . Ram . | . . . . . Kick 9 | . . . . 9 Crush . | . . . . . Escape Stasis . | . . . . . Rewire . | . . . . . Trap . | . . . . . Miscellaneous . | . . . . . Route ------- -11/Scrapyard -10/Materials -10/Mines (discovered 2 exits: *Mat x2) -9/Materials -8/Materials History --------- Turn | Location | Event 11 | -11/Scrapyard | Discovered new exit (range 15) 99 | -11/Scrapyard | Entered Materials 314 | -10/Materials | Build established: Mutant 419 | -10/Materials | Discovered new exit (range 15) 492 | -10/Materials | Entered Mines 646 | -10/Mines | Discovered new exit (range 9) 858 | -10/Mines | Discovered new exit (range 14) 910 | -10/Mines | Entered Materials 910 | -9/Materials | Evolved 2 slots: Propulsion x1, Utility x1 933 | -9/Materials | Build established: Scavenger-Mutant 1233 | -9/Materials | Repaired Ion Engine 1551 | -9/Materials | Discovered new exit (range 4) 1569 | -9/Materials | Entered another Materials area 1569 | -8/Materials | Evolved 2 slots: Propulsion x1, Weapon x1 1964 | -8/Materials | Build established: Hacker-Mutant 2219 | -8/Materials | Lost 4 parts (2n2w) 2481 | -8/Materials | Build established: Hacker-Tank 3205 | -8/Materials | Garrison activated, responded to threat 3334 | -8/Materials | Core integrity fell below 50% 3358 | -8/Materials | Core integrity fell below 20% 3365 | -8/Materials | Destroyed by G-50 Soldier with Heavy Laser Last Messages --------------- Kicked G-47 Trooper out of the way. Acquired 51 matter. Critical hit (Burn: +37). Kicked G-47 Trooper out of the way. Imp. Carbon-fiber Leg destroyed. Kicked G-47 Trooper out of the way. Kicked G-47 Trooper. Kicked G-47 Trooper out of the way. Aluminum Leg destroyed. Imp. Carbon-fiber Leg destroyed. M-13 Machinist repairs G-47 Trooper. Terrain Scanner destroyed. G-47 Trooper suffers critical hit (Burn). Shock Rifle destroyed. Assault Rifle destroyed. Kicked G-47 Trooper. Overheating: Matter decay (-44). G-47 Trooper destroyed. Dropped Imp. Carbon-fiber Leg. Acquired 48 matter. Map ----- +----------------------------------------------------+ | ???????????????????????????????????????? | | ???????????????????????????????????????? | | ???????????????????????????????????????? | | ???????????????????????????????????????? | | ???????????????????????????????????????? | | ???????????????????????????????????????? | | ???????????????????????????????????????? | | ???????????????????????????????????????? | | ???????????????????????????????????????? | | ???????????????????????????????????????? | | ???????????????????????????????????????? | | ???????????????????????????????????????? | | ???????????????????????????????????????? | | ???????????????????????????????????????? | | ???????????????????????????????????????? | | ???????????????????????????????????????? | | ???????????????????????????????????????? | | ???????????????????????????????????????? | | ???????????????????????????????????????? | | ??????????????????????######???????????? | | ?##########??########? / ????????????? | | ?# #??# # ??????????????? | | ?# """ #??# # ???????????????? | | ?# "T" #??# !!*= + ?????????????????? | | ?# #??# !Y%g#??????????????????? | | ?# #??# @%=m=#??????????????????? | | ?#""" ! #??# g!gg%#??????????????????? | | ?#""" ########/##????????????????##? | | ???"" # #*#???##+########### ## | | ????? # # #???# # | | ?????##+### # ##### # | | ?????# ## + # "" "" """ | | ?????# / # # ""S"" ""? | | ?????# ## # """ # """" ??? | | ?????# ######### """ #?? ????? | | ?????# """ #####+####### | | ?????# """ # | | ?????# + | | ?????# # | | ????###+#####+## ####### + | | ????# ## = ####?????# #? | | ????#! # === ########## #? | | ????# """ #== !!# """ # ###### | | ????# """"" #== !!# "T" !# | | ????# """"" ######## # | | ????# """"" #??????#! # ]]! | | ????# """ #??????# + ]]! | | ????# ]#??????#! """ # ]!! | | ????######?####??????# """ # ] | | ?????????????????????# """ # [ | +----------------------------------------------------+ Best States ------------- Heat Dissipation 31 Energy Generation 14 Energy Capacity 500 Matter Stores 300 Matter Capacity 300 Sight Range 16 Terrain Scan Range 14 Terrain Scan Density 10 Armor Coverage 225 Resistance: KI 20 Resistance: TH 20 Resistance: EX 20 Resistance: EM 20 Resistance: I 20 Resistance: S 20 Resistance: P 20 Power Shielding 33 Evasion (%) 63 Recoil Reduction 2 Offensive Hacking 20 Item Schematics ----------------- Gauss Rifle | -8/Materials | Scanalyzed Robot Schematics ------------------ None Fabricated ------------ Nothing Alien Tech Used ----------------- None Achievements -------------- None Challenges ------------ None Game ------ Seed CompactThermicBuckler Manual? 0 Play Time 00:22:23 Cumulative 13.6 hours Start 2024.04.07 @ 19:38:53 End 2024.04.07 @ 20:01:10 Sessions 1 Manual Loads 0 Difficulty Adventurer Special Mode None Game No. 36 Rogue 28 Adventurer 8 Explorer 0 Win Type - Total 0 Types 0/0/0/0/0/0/0/0/0 Lore% 16 Gallery% 18 Achievement% 17 Wizard Run 0 Options --------- Layout 1 ASCII 0 Keyboard 0 Movement Numpad Keybinds 0 Fullscreen 1 Font 24/Smallcaps Map View 50x35 Zoom Use 0% Tactical HUD 0 Map Filters NONE Filters NONE Steam 1 RUN: 832c8d31-e851-4158-9a32-1b97f7f453af